 Dungeon Crawl Stone Soup version 0.30-a0-1123-gabc949cf19 (webtiles) character file.

Game seed: 6526484582479445543

7 Arzdou the Gusty (level 1, -6/14 HPs)
             Began as a Draconian Air Elementalist on Apr 22, 2023.
             Mangled by Sigmund
             ... wielding a +0 scythe
              (11 damage)
             ... on level 2 of the Dungeon.
             The game lasted 00:01:20 (723 turns).

Arzdou the Gusty (Draconian Air Elementalist)        Turns: 723, Time: 00:01:20

Health: -6/14      AC:  4    Str: 10    XL:     1   Next: 91%
Magic:  2/3        EV: 12    Int: 15    God:
Gold:   55         SH:  0    Dex: 11    Spells: 3/4 levels left

rFire   . . .        c - staff of conjuration
rCold   . . .        (no shield)
rNeg    . . .        (body armour unavailable)
rPois   .            (helmet restricted)
rElec   .            (no cloak)
rCorr   .            (no gloves)
SInv    .            (no boots)
Will    .....        (no amulet)
Stlth   ++           (no ring)
HPRegen 0.22/turn    (no ring)
MPRegen 0.08/turn

%: no passive effects
@: no status effects
A: AC +4, unfitting armour, cold-blooded
a: no special abilities


You were on level 2 of the Dungeon.
You visited 1 branch of the dungeon, and saw 2 of its levels.

You collected 55 gold pieces.

Inventory:

Magical Staves
 c - a staff of conjuration (weapon)
Scrolls
 b - 2 scrolls of enchant armour {unknown}
 d - 3 scrolls of blinking {unknown}
 e - 2 scrolls of immolation {unknown}
 f - a scroll of magic mapping {unknown}
Potions
 a - a potion of magic


   Skills:
 + Level 1.8 Dodging
 + Level 1.8 Stealth
 + Level 2.2 Spellcasting
 + Level 1.0 Conjurations
 + Level 3.2 Air Magic


You had 3 spell levels left.
You knew the following spells:

 Your Spells              Type           Power      Damage    Failure   Level
a - Shock                 Conj/Air       48%        1d6       9%          1

Your spell library contained the following spells:

 Spells                   Type           Power      Damage    Failure   Level
 Static Discharge         Conj/Air       24%        2-3/arc   14%         2
 Swiftness                Air            11%        N/A       17%         3
 Airstrike                Air            5%         2d(1-17)  50%         4
 Summon Lightning Spire   Summ/Air       6%         N/A       73%         4


Dungeon Overview and Level Annotations

Branches:
Dungeon (2/15)

Altars:

Annotations:
D:2 Sigmund


Innate Abilities, Weirdness & Mutations

Your plain brown scales are hard. (AC +4)
You cannot fit into any form of body armour.
You are cold-blooded and may be slowed by cold attacks.


Message History

You feel a surge of power!
The zap hits Sigmund.
Sigmund is lightly wounded.
Sigmund gestures at you while chanting. You resist with significant effort.
You feel a surge of power!
The zap hits Sigmund.
Sigmund is lightly wounded.
You feel a surge of power!
The zap hits Sigmund but does no damage.
Sigmund is lightly wounded.
Sigmund gestures at you while chanting. The puff of flame hits you.
Sigmund casts a spell at you.
You are confused.
You're too confused to move!
Sigmund casts a spell.
Sigmund flickers and vanishes!
Deactivating autopickup; reactivate with Ctrl-A.
You bump into the rock wall.
You are more confused.
You bump into the rock wall.
You're too confused to move!
You bump into the rock wall.
You're too confused to move!
You bump into the rock wall.
Something hits you.
You feel less confused.
Casting: Shock (safe; 9% risk of failure)
Confirm with . or Enter, or press ? or * to list all spells.
You can't see any susceptible monsters within range! (Use Z to cast anyway.)
Casting: Shock (safe; 9% risk of failure)
Confirm with . or Enter, or press ? or * to list all spells.
Aiming: Shock (safe; 9% risk of failure)
Press: ? - help, Shift-Dir - straight line You feel a surge of power!
The zap hits something.
Something hits you.
Unknown command.
Casting: Shock (safe; 9% risk of failure)
Confirm with . or Enter, or press ? or * to list all spells.
You don't know that spell.
Something hits you!
Ouch! That really hurt!
You die...

#.# ... #.# #.# ####
#@# ... #.# #.#####
#.# #..@{.#
#.###@##########.#
#..............#.#
##
#######.#..###.#.#
... #...@..###.#.#
#.# #.#.##...#<#.#
...
#.#...##.###.##.####
#.....##.# #........
########@# #....####


There were no monsters in sight!

Vanquished Creatures
  An endoplasm (D:1)
  A goblin (D:1)
  A kobold (D:1)
  2 bats (D:1)
  A frilled lizard (D:1)
  2 rats (D:1)
8 creatures vanquished.

Notes
Turn   | Place    | Note
-------+----------+-------------------------------------------
     0 | D:1      | Arzdou the Draconian Air Elementalist began the quest for
                  | the Orb.
     0 | D:1      | Reached XP level 1. HP: 14/14 MP: 3/3
   681 | D:2      | Noticed Sigmund
   723 | D:2      | Mangled by Sigmund

Illustrated notes

Levels and vault maps discovered:
D:1:      amcnicky_arrival_abandoned_market, layout_basic,
          minmay_misc_feat_pillars
D:2:      layout_basic, basic_altar, uniq_terence, uniq_sigmund

Action                     || total
---------------------------++-------
  Melee: Staff             ||     2
   Cast: Shock             ||    13
 Armour: Skin              ||     3
  Dodge: Dodged            ||     1

Table legend: (Time is in decaauts)
 A = Elapsed time spent in this place.
 B = Non-inter-level travel time spent in this place.
 C = Inter-level travel time spent in this place.
 D = Time resting spent in this place.
 E = Time spent auto-exploring this place.
 F = Levels seen in this place.
 G = Mean time per level.
                   A        B        C        D        E       F      G
               +--------+--------+--------+--------+--------+-----+--------+
         Total |    722 |    693 |     29 |      0 |    601 |   2 |  361.0 |
       Dungeon |    722 |    693 |     29 |      0 |    601 |   2 |  361.0 |
               +--------+--------+--------+--------+--------+-----+--------+

Top non-repeatable levels by time:
     D:1: 656 daAuts
     D:2: 65 daAuts
